 Dungeon Crawl Stone Soup version 0.27.1-4-g1640c2035a (webtiles) character file.

Game seed: 536444019562875637

292 raph the Cleaver (level 6, -1/51 HPs)
             Began as a Hill Orc Fighter on Nov 7, 2021.
             Slain by an ogre (10 damage)
             ... on level 4 of the Dungeon.
             The game lasted 00:04:35 (2793 turns).

raph the Cleaver (Hill Orc Fighter)                 Turns: 2793, Time: 00:04:36

Health: -1/51      AC: 11    Str: 25    XL:     6   Next: 33%
Magic:  6/6        EV:  5    Int:  8    God:
Gold:   184        SH: 10    Dex: 12    Spells: 5/5 levels left

rFire    . . .     SeeInvis .   a - +0 war axe
rCold    . . .     Faith    .   c - +0 kite shield
rNeg     . . .     Spirit   .   q - +0 chain mail
rPois    .         Reflect  .   s - +0 helmet
rElec    .         Harm     .   (no cloak)
rCorr    .         Rampage  .   i - +0 pair of gloves
Will     .....                  (no boots)
Stlth    ..........             e - amulet of regeneration
HPRegen  1.17/turn              h - +6 ring of strength
MPRegen  0.10/turn              p - +4 ring of slaying

@: mighty
A: no striking features
a: no special abilities


You were on level 4 of the Dungeon.
You visited 1 branch of the dungeon, and saw 4 of its levels.

You collected 184 gold pieces.

Inventory:

Hand Weapons
 a - a +0 war axe (weapon)
 l - a +0 morningstar
Missiles
 m - 6 boomerangs (quivered)
Armour
 b - a +0 scale mail
 c - a +0 kite shield (worn)
 i - a +0 pair of gloves (worn)
 q - a +0 chain mail (worn)
 s - a +0 helmet (worn)
Jewellery
 e - an amulet of regeneration (around neck)
 h - a +6 ring of strength (left hand)
 p - a +4 ring of slaying (right hand)
 r - a +4 ring of slaying
Wands
 t - a wand of paralysis (12)
Scrolls
 f - 2 scrolls of magic mapping {unknown}
 j - 2 scrolls of identify {unknown}
 o - a scroll of enchant weapon {unknown}
Potions
 g - a potion of curing {unknown}
 k - 3 potions of lignification {unknown}
 n - 2 potions of ambrosia {unknown}


   Skills:
 - Level 3.6 Fighting
 + Level 8.5 Axes
 - Level 3.3 Armour
 - Level 3.3 Shields


You had 5 spell levels left.
You didn't know any spells.
Your spell library contained the following spells:

 Spells                   Type           Power      Damage    Failure   Level
 Corona                   Hex            0%         N/A       100%        1
 Ensorcelled Hibernation  Hex/Ice        0%         N/A       100%        2
 Slow                     Hex            0%         N/A       100%        2
 Confusing Touch          Hex            0%         N/A       100%        3
 Tukima's Dance           Hex            0%         N/A       100%        3
 Yara's Violent Unravell  Hex/Tmut       0%         3d3       100%        5
 Conjure Ball Lightning   Conj/Air       0%         3x3d6     100%        6
 Discord                  Hex            0%         N/A       100%        8
 Disjunction              Tloc           0%         N/A       100%        8


Dungeon Overview and Level Annotations

Branches:
Dungeon (4/15)
 Temple: D:4-7

Altars:
Elyvilon

Shops:
D:3 (


Message History

You have reached level 6!
Your experience leads to an increase in your attributes!
Your base attributes are Str 19, Int 8, Dex 11.
Increase (S)trength, (I)ntelligence, or (D)exterity?
You feel agile.
Found a stone staircase leading down.
t - a wand of paralysis (12)
You see here a +2 leather armour of fire resistance.
Found a book of Chaos.
Found 6 gold pieces.
Found a stone staircase leading down.
You pick up a book of Chaos and begin reading...
You add the spells Conjure Ball Lightning, Disjunction and Discord to your library.
You now have 184 gold pieces (gained 6).
An adder comes into view.
Found 13 gold pieces.
The adder hisses angrily.
You hear a shout!
An ogre comes into view. It is wielding a +0 giant spiked club.
The ogre shouts!
Found 2 gold pieces.
You see here 13 gold pieces.
You feel very mighty all of a sudden. The adder bites you but does no damage.
You slice the adder!!
You kill the adder!
The ogre hits you with a +0 giant spiked club!!
You barely miss the ogre.
The ogre hits you with a +0 giant spiked club!!
* * * LOW HITPOINT WARNING * * *
You are too injured to fight recklessly!
You are too injured to fight recklessly!
You are too injured to fight recklessly!
You are too injured to fight recklessly!
You are too injured to fight recklessly!
You are too injured to fight recklessly!
You are too injured to fight recklessly!
You are too injured to fight recklessly!
Your shield and chain mail prevent you from hitting the ogre.
The ogre hits you with a +0 giant spiked club!
You die...

.#≈≈§...†# ..#.#.#
.#≈[.....# #..#..##
.....##### #...#..##
........####..#.# . ###
....###...##...# #.... .
....#####.....## .#.....
...............# ..#....
....#######...###.......
...## ##..#$@O# ...#
#....#$.# ..###
##..###.# ....# #.....
.# ....# ##..##....
....# #####...# .....
....# #.......# .....
..... ........# .....#
###.#.........# ...


You could see an ogre.

Vanquished Creatures
  A necrophage (D:4)
  An iguana (D:3)
  A hound skeleton (D:4)
  Robin (D:3)
  6 adders
  A gnoll (D:1)
  A worm (D:3)
  4 dart slugs (D:1)
  7 orcs (D:3)
  9 endoplasms
  3 giant cockroaches
  8 goblins
  3 hobgoblins
  3 jackals (D:3)
  7 kobolds
  2 quokkas
  3 ball pythons
  5 bats
  4 frilled lizards
  14 rats
84 creatures vanquished.

Notes
Turn   | Place    | Note
-------+----------+-------------------------------------------
     0 | D:1      | raph the Hill Orc Fighter began the quest for the Orb.
     0 | D:1      | Reached XP level 1. HP: 19/19 MP: 1/1
    43 | D:1      | Reached skill level 3 in Axes
   179 | D:1      | Reached XP level 2. HP: 21/21 MP: 2/2
   243 | D:1      | Reached skill level 4 in Axes
   429 | D:1      | Reached XP level 3. HP: 29/31 MP: 3/3
   485 | D:1      | Reached skill level 5 in Axes
   525 | D:1      | Found a faded altar of an unknown god.
   941 | D:2      | Reached XP level 4. HP: 39/39 MP: 4/4
  1226 | D:2      | Reached skill level 6 in Axes
  1640 | D:3      | Reached XP level 5. HP: 45/45 MP: 5/5
  1816 | D:3      | Found Entomn's Antique Weapon Boutique.
  2049 | D:3      | Found a white marble altar of Elyvilon.
  2283 | D:3      | Reached skill level 7 in Axes
  2420 | D:4      | Noticed an ogre
  2423 | D:4      | Noticed Robin
  2573 | D:3      | Killed Robin
  2747 | D:4      | Noticed a necrophage
  2751 | D:4      | Killed a necrophage
  2752 | D:4      | Reached skill level 8 in Axes
  2752 | D:4      | Reached XP level 6. HP: 51/51 MP: 6/6
  2793 | D:4      | Slain by an ogre

Illustrated notes

Levels and vault maps discovered:
D:1:      onia_arrival_pentagram, layout_basic,
          shapermc_ecumenical_altar_flowoftime, amcnicky_mini_pool_small
D:2:      layout_loops_ring
D:3:      wander_river, layout_loops_ring, nicolae_elyvilon_peaceful_grove,
          portal_sewer_entry_d, serial_shops, shop,
          chequers_serial_rivers_micro_e, amethyst_killhole
D:4:      layout_rooms, corexii_item_surrounded_by_moat,
          hangedman_abyss_or_decor_slice, kennysheep_donut,
          grunt_decor_junction, minmay_pentomino_pile, uniq_robin, uniq_sigmund

Skill      XL: |  1  2  3  4  5 |
---------------+----------------+-----
Axes           | 3 4 5 6 8 |  8.5
Fighting       | |  3.6
Armour         | |  3.3
Shields        | |  3.3

Action                   |  1- 3 |  4- 6 || total
-------------------------+-------+-------++-------
Melee: War axe           |    78 |   112 ||   190
  Use: Potion            |       |     1 ||     1
Armor: Scale mail        |    42 |    35 ||    77
       Chain mail        |       |    27 ||    27
Dodge: Dodged            |    12 |    33 ||    45
Block: Kite shield       |    45 |    61 ||   106
